[Event "CZE-ch U16 Girls 2020"]
[Site "Kouty nad Desnou"]
[Date "2020.03.10"]
[Round "5.9"]
[White "Saskova, Renata"]
[Black "Zilava, Anezka"]
[Result "0-1"]
[ECO "C45"]
[WhiteElo "1191"]
[BlackElo "1224"]
[Annotator "NA"]
[PlyCount "108"]
[EventDate "2020.03.07"]
[EventCountry "CZE"]
[SourceTitle "playchess.com"]
[Source "ChessBase"]
[SourceQuality "1"]
[TimeControl "5400+30"]

1. e4 e5 2. Nf3 Nc6 3. d4 exd4 4. Nxd4 Bc5 5. Be3 Qf6 6. c3 Nge7 7. Be2 b6 8. b4 Bd6 9. Bf3 Ne5 10. O-O O-O 11. Nd2 Bb7 12. Rc1 N7g6 13. h3 Rfe8 14. Re1 Nd3 15. e5 Bxf3 16. N2xf3 Ndxe5 17. Nxe5 Nxe5 18. Rc2 Qg6 19. Nb5 Nf3+ 20. Qxf3 Qxc2 21. a3 Qe4 22. Qd1 Qc6 23. Qd3 a6 24. Nd4 Qe4 25. Qd2 Qe5 26. Nf3 Qh5 27. Nd4 c5 28. Nf3 Re6 29. Kf1 h6 30. Rd1 Ra7 31. Qe2 Qf5 32. Qc4 Be7 33. Rd5 Qb1+ 34. Ne1 Qe4 35. Qxe4 Rxe4 36. bxc5 Bxc5 37. Bxc5 bxc5 38. Rxc5 Kf8 39. f3 Re6 40. Nd3 Ke7 41. Nf4 Rc6 42. Nd5+ Kd6 43. Ra5 Rc5 44. Rxc5 Kxc5 45. Ne3 g6 46. Ke2 Rb7 47. Kd3 Rb3 48. Nc2 a5 49. a4 d5 50. g4 Rb1 51. Ne3 Rh1 52. h4 Rxh4 53. Ng2 Rh3 54. Ne1 f5 0-1

[Event "CZE-ch U16 Girls 2020"]
[Site "Kouty nad Desnou"]
[Date "2020.03.11"]
[Round "6.1"]
[White "Vsetulova, Viktorie"]
[Black "Dvorakova, Olga"]
[Result "0-1"]
[ECO "A46"]
[WhiteElo "1334"]
[BlackElo "1793"]
[Annotator "NA RC"]
[PlyCount "58"]
[EventDate "2020.03.07"]
[EventCountry "CZE"]
[SourceTitle "playchess.com"]
[Source "ChessBase"]
[SourceQuality "1"]
[TimeControl "5400+30"]

1. d4 Nf6 2. Nf3 e6 3. Bf4 c5 4. e3 Qb6 5. Nc3 cxd4 6. Nxd4 a6 7. Nb3 d5 8. Bd3 Bd6 9. Bxd6 Qxd6 10. Qf3 Nbd7 11. Qh3 b5 12. a3 Nb6 13. O-O O-O 14. Nd2 Nc4 15. Nxc4 bxc4 16. Be2 Rb8 17. Rab1 e5 18. Qh4 Bf5 19. Rfc1 Rb7 20. h3 Rfb8 21. Nd1 Ne4 22. b4 cxb3 23. cxb3 Nd2 24. Rb2 Nxb3 25. Rc3 h6 26. a4 d4 27. exd4 Nxd4 28. Rxb7 Nxe2+ 29. Kh2 Rxb7 0-1

[Event "CZE-ch U16 Girls 2020"]
[Site "Kouty nad Desnou"]
[Date "2020.03.11"]
[Round "6.2"]
[White "Leksova, Sona"]
[Black "Gregurkova, Nikola"]
[Result "0-1"]
[ECO "C68"]
[WhiteElo "1645"]
[BlackElo "1642"]
[Annotator "NA RC"]
[PlyCount "124"]
[EventDate "2020.03.07"]
[EventCountry "CZE"]
[SourceTitle "playchess.com"]
[Source "ChessBase"]
[SourceQuality "1"]
[TimeControl "5400+30"]

1. e4 e5 2. Nf3 Nc6 3. Bb5 a6 4. Bxc6 dxc6 5. O-O Bg4 6. d3 Qf6 7. Nbd2 Ne7 8. h3 h5 9. Re1 Bxf3 10. Qxf3 Qe6 11. Nb3 Ng6 12. Be3 O-O-O 13. Rad1 Bd6 14. Qf5 Qxf5 15. exf5 Ne7 16. g4 hxg4 17. hxg4 Rh4 18. f3 Rdh8 19. Kf1 Nd5 20. Bg1 Nf4 21. Kf2 Nh3+ 22. Ke3 Nxg1 23. Rxg1 Rh2 24. Rc1 Be7 25. g5 R2h5 26. f4 Rh3+ 27. Ke4 exf4 28. f6 gxf6 29. gxf6 Bxf6 30. Rcf1 f3 31. Rxf3 Rxf3 32. Kxf3 Bxb2 33. Ke4 b6 34. Rf1 f6 35. Nd4 Bxd4 36. Kxd4 Rh6 37. c4 c5+ 38. Kd5 Kd7 39. a4 Rh5+ 40. Ke4 Ke6 41. Rd1 a5 42. Kf3 Rf5+ 43. Ke4 Re5+ 44. Kf3 Rf5+ 45. Ke4 Rf2 46. d4 cxd4 47. Kxd4 Ra2 48. Re1+ Kd6 49. Rf1 Rxa4 50. Rxf6+ Ke7 51. Rc6 Kd7 52. Kd5 Ra1 53. Rh6 Rd1+ 54. Ke4 Rd6 55. Rh5 Kc6 56. Rb5 Rd1 57. Ke3 a4 58. Rb4 a3 59. Ra4 Ra1 60. Kd3 a2 61. Kc3 Rc1+ 62. Kb2 a1=Q+ 0-1

[Event "CZE-ch U16 Girls 2020"]
[Site "Kouty nad Desnou"]
[Date "2020.03.11"]
[Round "6.3"]
[White "Dudova, Pavlina"]
[Black "Kuncicka, Klara"]
[Result "1-0"]
[ECO "C66"]
[WhiteElo "1499"]
[BlackElo "1223"]
[Annotator "NA RC"]
[PlyCount "95"]
[EventDate "2020.03.07"]
[EventCountry "CZE"]
[SourceTitle "playchess.com"]
[Source "ChessBase"]
[SourceQuality "1"]
[TimeControl "5400+30"]

1. e4 e5 2. Nf3 Nc6 3. Bb5 d6 4. O-O Nf6 5. Nc3 Be7 6. d4 exd4 7. Nxd4 Bd7 8. Bxc6 bxc6 9. b3 O-O 10. Bb2 Re8 11. f4 Bf8 12. Re1 g6 13. Qf3 Bg7 14. h3 c5 15. Ndb5 a6 16. Na3 Bc6 17. Nc4 Nxe4 18. Nxe4 Bxe4 19. Rxe4 Rxe4 20. Qxe4 d5 21. Qe2 dxc4 22. Bxg7 Kxg7 23. Qxc4 Qf6 24. Re1 Qd6 25. Qe4 Rd8 26. Qe5+ Kg8 27. Qxd6 Rxd6 28. Re5 Rc6 29. c4 Kf8 30. Kf2 f6 31. Rd5 Ke7 32. Kf3 Ke8 33. f5 Ke7 34. Kf4 Ke8 35. h4 Ke7 36. g4 g5+ 37. hxg5 fxg5+ 38. Kxg5 h6+ 39. Kf4 Kf6 40. Rd7 Rd6 41. Rxd6+ cxd6 42. a3 a5 43. a4 Kf7 44. g5 hxg5+ 45. Kxg5 Kg7 46. f6+ Kf7 47. Kf5 Kf8 48. Ke6 1-0

[Event "CZE-ch U16 Girls 2020"]
[Site "Kouty nad Desnou"]
[Date "2020.03.11"]
[Round "6.4"]
[White "Strnadova, Monika"]
[Black "Vavrinkova, Anna"]
[Result "0-1"]
[ECO "B32"]
[WhiteElo "1514"]
[BlackElo "1622"]
[Annotator "NA RC"]
[PlyCount "74"]
[EventDate "2020.03.07"]
[EventCountry "CZE"]
[SourceTitle "playchess.com"]
[Source "ChessBase"]
[SourceQuality "1"]
[TimeControl "5400+30"]

1. e4 c5 2. Nf3 Nc6 3. d4 cxd4 4. Nxd4 g6 5. Be3 Nf6 6. Nc3 Bg7 7. Be2 O-O 8. O-O d5 9. Nxc6 bxc6 10. exd5 Nxd5 11. Nxd5 cxd5 12. c3 Rb8 13. Qd2 Qd7 14. Bf3 Ba6 15. Rfd1 e6 16. b3 Qe7 17. b4 Rbc8 18. Bc5 Qc7 19. Rac1 Rfd8 20. Qe3 Rd7 21. Bg4 Bc4 22. a3 Qb7 23. h4 h5 24. Bh3 Kh7 25. Ra1 Bh6 26. Qe5 Qc7 27. Qxc7 Rcxc7 28. a4 Bg7 29. Ra3 Rd8 30. g3 e5 31. Be3 Bf6 32. Rc1 Be7 33. Rd1 Rb7 34. a5 Rc7 35. Rd2 d4 36. Bxd4 exd4 37. cxd4 Bxb4 0-1

[Event "CZE-ch U16 Girls 2020"]
[Site "Kouty nad Desnou"]
[Date "2020.03.11"]
[Round "6.5"]
[White "Stastna, Martina"]
[Black "Vlachynska, Lilian"]
[Result "1-0"]
[ECO "C97"]
[WhiteElo "1700"]
[BlackElo "1224"]
[Annotator "NA RC"]
[PlyCount "95"]
[EventDate "2020.03.07"]
[EventCountry "CZE"]
[SourceTitle "playchess.com"]
[Source "ChessBase"]
[SourceQuality "1"]
[TimeControl "5400+30"]

1. e4 e5 2. Nf3 Nc6 3. Bb5 a6 4. Ba4 Nf6 5. O-O Be7 6. Re1 b5 7. Bb3 O-O 8. c3 d6 9. h3 Na5 10. Bc2 c5 11. d4 Qc7 12. Nbd2 Bd7 13. Nf1 h6 14. g4 Nc4 15. Ng3 Rac8 16. d5 Qd8 17. Kh2 Nh7 18. b3 Nb6 19. Nf5 a5 20. Rg1 f6 21. N3h4 Be8 22. Nxe7+ Qxe7 23. Nf5 Qd8 24. f4 Bg6 25. Qe1 Rc7 26. Qh4 Nc8 27. Bd2 Ne7 28. c4 b4 29. a3 Rd7 30. axb4 axb4 31. Ra6 Re8 32. Qg3 Kh8 33. Qh4 Rf8 34. Rg2 Kg8 35. fxe5 dxe5 36. Qf2 Qc8 37. Nxe7+ Rxe7 38. Rc6 Rc7 39. Qxc5 Rxc6 40. dxc6 Rd8 41. Bxb4 Ng5 42. Re2 Nf3+ 43. Kg3 Nd4 44. Rd2 Be8 45. Ba5 Ne6 46. Rxd8 Nxd8 47. Bxd8 Qxd8 48. Qd5+ 1-0

[Event "CZE-ch U16 Girls 2020"]
[Site "Kouty nad Desnou"]
[Date "2020.03.11"]
[Round "6.6"]
[White "Habinova, Alice"]
[Black "Semova, Lada"]
[Result "0-1"]
[ECO "C34"]
[WhiteElo "1474"]
[BlackElo "1477"]
[Annotator "NA"]
[PlyCount "58"]
[EventDate "2020.03.07"]
[EventCountry "CZE"]
[SourceTitle "playchess.com"]
[Source "ChessBase"]
[SourceQuality "1"]
[TimeControl "5400+30"]

1. e4 e5 2. f4 exf4 3. Nf3 Nf6 4. Nc3 d5 5. e5 Nh5 6. d4 Nc6 7. Bb5 Be7 8. O-O g6 9. Ne2 g5 10. Ne1 Ng7 11. b3 Bd7 12. Bb2 a6 13. Bd3 Be6 14. c4 Qd7 15. Rc1 O-O 16. Bb1 Rad8 17. a3 dxc4 18. bxc4 Nxe5 19. d5 Ng6 20. Qd4 f6 21. dxe6 Qxe6 22. Qf2 Rd2 23. Rc2 Rxc2 24. Nxc2 Qxc4 25. Qf3 Qb5 26. Ba2+ Kh8 27. Bc3 Bc5+ 28. Kh1 Nh4 29. Qg4 h5 0-1

[Event "CZE-ch U16 Girls 2020"]
[Site "Kouty nad Desnou"]
[Date "2020.03.11"]
[Round "6.7"]
[White "Maresova, Michaela"]
[Black "Zilava, Anezka"]
[Result "1/2-1/2"]
[ECO "C21"]
[WhiteElo "1422"]
[BlackElo "1224"]
[Annotator "NA RC"]
[PlyCount "60"]
[EventDate "2020.03.07"]
[EventCountry "CZE"]
[SourceTitle "playchess.com"]
[Source "ChessBase"]
[SourceQuality "1"]
[TimeControl "5400+30"]

1. e4 e5 2. d4 exd4 3. Nf3 Bc5 4. Bc4 d5 5. exd5 Qe7+ 6. Qe2 Qxe2+ 7. Bxe2 Nf6 8. c3 dxc3 9. Nxc3 O-O 10. O-O Bg4 11. h3 Bh5 12. g4 Bg6 13. Bf4 c6 14. dxc6 Nxc6 15. a3 Nd4 16. Nxd4 Bxd4 17. Bf3 Bxc3 18. bxc3 Be4 19. Bxe4 Nxe4 20. Rac1 Rac8 21. Be5 Nd2 22. Bd6 Rfd8 23. Be7 Re8 24. Rfd1 Rxe7 25. Rxd2 Rec7 26. Rd3 Kf8 27. Re3 Re7 28. Rce1 Rxe3 29. Rxe3 Re8 30. Rxe8+ Kxe8 1/2-1/2

[Event "CZE-ch U16 Girls 2020"]
[Site "Kouty nad Desnou"]
[Date "2020.03.11"]
[Round "6.8"]
[White "Merinska, Julie"]
[Black "Ruzickova, Ema"]
[Result "0-1"]
[ECO "B21"]
[WhiteElo "1182"]
[BlackElo "1409"]
[Annotator "NA RC"]
[PlyCount "84"]
[EventDate "2020.03.07"]
[EventCountry "CZE"]
[SourceTitle "playchess.com"]
[Source "ChessBase"]
[SourceQuality "1"]
[TimeControl "5400+30"]

1. e4 c5 2. f4 d5 3. exd5 Nf6 4. Nc3 Nxd5 5. Nxd5 Qxd5 6. Nf3 Nc6 7. b3 Nd4 8. Nxd4 Qxd4 9. Ba3 Bg4 10. Bxc5 Qe4+ 11. Be2 Qxg2 12. Rg1 Bxe2 13. Qxe2 Qxe2+ 14. Kxe2 b6 15. Bd4 f6 16. Kf3 Kf7 17. Rae1 e6 18. Re3 h6 19. h4 Bd6 20. Rd3 Rhd8 21. h5 Rac8 22. Rc3 Bb4 23. Rxc8 Rxc8 24. c3 Bd6 25. Re1 Rg8 26. Rf1 g5 27. fxg5 Rxg5 28. Rh1 Rg3+ 29. Kf2 f5 30. a4 Rg8 31. Rg1 e5 32. Rxg8 Kxg8 33. Be3 f4 34. Bxf4 exf4 35. Kf3 Kf7 36. c4 Ke6 37. Kg4 Ke5 38. Kf3 Kf5 39. b4 Bxb4 40. d3 Bc5 41. Kg2 Kg4 42. Kh2 Kf3 0-1

[Event "CZE-ch U16 Girls 2020"]
[Site "Kouty nad Desnou"]
[Date "2020.03.11"]
[Round "6.9"]
[White "Londinova, Jasmina Marie"]
[Black "Saskova, Renata"]
[Result "0-1"]
[ECO "B23"]
[WhiteElo "1155"]
[BlackElo "1191"]
[Annotator "NA RC"]
[PlyCount "36"]
[EventDate "2020.03.07"]
[EventCountry "CZE"]
[SourceTitle "playchess.com"]
[Source "ChessBase"]
[SourceQuality "1"]
[TimeControl "5400+30"]

1. e4 c5 2. Nc3 d6 3. f4 e6 4. Bb5+ Bd7 5. Bxd7+ Qxd7 6. d3 Nf6 7. Nf3 Be7 8. O-O O-O 9. Ng5 h6 10. Nh3 Nc6 11. Be3 a6 12. Qe1 d5 13. exd5 exd5 14. Ne2 Rfe8 15. Qg3 Bd6 16. Qf3 Qe6 17. Ng3 Qxe3+ 18. Qxe3 Rxe3 0-1

[Event "CZE-ch U16 Girls 2020"]
[Site "Kouty nad Desnou"]
[Date "2020.03.12"]
[Round "7.1"]
[White "Dvorakova, Olga"]
[Black "Dudova, Pavlina"]
[Result "1/2-1/2"]
[ECO "D20"]
[WhiteElo "1793"]
[BlackElo "1499"]
[Annotator "NA"]
[PlyCount "72"]
[EventDate "2020.03.07"]
[EventCountry "CZE"]
[SourceTitle "playchess.com"]
[Source "ChessBase"]
[SourceQuality "1"]
[TimeControl "5400+30"]

1. d4 d5 2. c4 dxc4 3. e3 Nf6 4. Bxc4 e6 5. Nc3 Be7 6. Nf3 Nbd7 7. O-O O-O 8. a3 c5 9. dxc5 Nxc5 10. Qc2 a6 11. b4 Ncd7 12. Bb2 b5 13. Be2 Bb7 14. Rac1 Rc8 15. Qb1 Qb6 16. Rfd1 Rc7 17. Nd2 Rfc8 18. Nce4 Bxe4 19. Nxe4 Nxe4 20. Qxe4 Rxc1 21. Rxc1 Rxc1+ 22. Bxc1 Qc7 23. Bb2 Qd6 24. Bd3 f5 25. Qd4 Qxd4 26. Bxd4 Kf7 27. f4 Bf6 28. Kf2 Bxd4 29. exd4 Nb6 30. g3 Nd5 31. Ke2 Ke7 32. Kd2 Kd6 33. Be2 Kc6 34. Kc2 Kb6 35. Kb3 g6 36. Bd3 Ne3 1/2-1/2

[Event "CZE-ch U16 Girls 2020"]
[Site "Kouty nad Desnou"]
[Date "2020.03.12"]
[Round "7.2"]
[White "Gregurkova, Nikola"]
[Black "Vsetulova, Viktorie"]
[Result "1-0"]
[ECO "B01"]
[WhiteElo "1642"]
[BlackElo "1334"]
[Annotator "NA"]
[PlyCount "69"]
[EventDate "2020.03.07"]
[EventCountry "CZE"]
[SourceTitle "playchess.com"]
[Source "ChessBase"]
[SourceQuality "1"]
[TimeControl "5400+30"]

1. e4 d5 2. exd5 Nf6 3. d4 Nxd5 4. Nf3 g6 5. c4 Nb6 6. Nc3 Bg7 7. c5 Nd5 8. Bc4 c6 9. O-O O-O 10. Re1 Nxc3 11. bxc3 b5 12. Bb3 Nd7 13. Bg5 Nf6 14. Ne5 Bb7 15. Qf3 Qc7 16. Re2 Rae8 17. Rae1 Nd5 18. Bxd5 cxd5 19. Bf4 Qd8 20. c6 Bxe5 21. cxb7 Bxf4 22. Qxf4 e6 23. Rb1 Qb6 24. Reb2 a6 25. a4 Qxb7 26. axb5 axb5 27. Rxb5 Qc6 28. Rc5 Qa4 29. h4 h5 30. g4 Qa6 31. gxh5 Kg7 32. hxg6 fxg6 33. Rc7+ Kg8 34. Qh6 Rf7 35. Qxg6+ 1-0

[Event "CZE-ch U16 Girls 2020"]
[Site "Kouty nad Desnou"]
[Date "2020.03.12"]
[Round "7.3"]
[White "Vavrinkova, Anna"]
[Black "Stastna, Martina"]
[Result "1/2-1/2"]
[ECO "C77"]
[WhiteElo "1622"]
[BlackElo "1700"]
[Annotator "NA"]
[PlyCount "81"]
[EventDate "2020.03.07"]
[EventCountry "CZE"]
[SourceTitle "playchess.com"]
[Source "ChessBase"]
[SourceQuality "1"]
[TimeControl "5400+30"]

1. e4 e5 2. Nf3 Nc6 3. Bb5 a6 4. Ba4 Nf6 5. d3 b5 6. Bb3 Be7 7. c3 Bb7 8. O-O O-O 9. Re1 Na5 10. Bc2 d6 11. Nbd2 Re8 12. Nf1 Bf8 13. Bg5 h6 14. Bh4 c5 15. Ne3 g6 16. h3 Bg7 17. b4 cxb4 18. cxb4 Nc6 19. a3 Qd7 20. Bb3 Kh7 21. Rc1 Nd8 22. Qc2 Ne6 23. Qa2 a5 24. Qb2 Nf4 25. Red1 axb4 26. axb4 Rec8 27. Rxc8 Rxc8 28. Qd2 Kg8 29. Ne1 d5 30. exd5 N6xd5 31. Nxd5 Bxd5 32. Bxd5 Qxd5 33. Bg3 Ne6 34. Nc2 Nd4 35. Nxd4 Qxd4 36. Qe3 Rc4 37. dxc4 Qxd1+ 38. Kh2 bxc4 39. Bxe5 Bxe5+ 40. Qxe5 Qb3 41. Qe8+ 1/2-1/2

[Event "CZE-ch U16 Girls 2020"]
[Site "Kouty nad Desnou"]
[Date "2020.03.12"]
[Round "7.4"]
[White "Kuncicka, Klara"]
[Black "Semova, Lada"]
[Result "1/2-1/2"]
[ECO "B34"]
[WhiteElo "1223"]
[BlackElo "1477"]
[Annotator "NA"]
[PlyCount "77"]
[EventDate "2020.03.07"]
[EventCountry "CZE"]
[SourceTitle "playchess.com"]
[Source "ChessBase"]
[SourceQuality "1"]
[TimeControl "5400+30"]

1. e4 c5 2. Nf3 Nc6 3. Nc3 g6 4. d4 cxd4 5. Nxd4 Bg7 6. Be3 Nf6 7. Be2 O-O 8. O-O d5 9. Nxc6 bxc6 10. e5 Ne8 11. f4 f6 12. Qd2 fxe5 13. fxe5 Rxf1+ 14. Rxf1 Bxe5 15. Bh6 Bg7 16. Kh1 Qd6 17. Bd3 Bxh6 18. Qxh6 Ng7 19. Ne2 e5 20. Ng3 Bd7 21. c4 Rf8 22. Rxf8+ Qxf8 23. cxd5 cxd5 24. Qg5 Bf5 25. Bxf5 Nxf5 26. Nxf5 Qxf5 27. Qd8+ Kg7 28. Qe7+ Kh6 29. h3 Qf1+ 30. Kh2 e4 31. Qh4+ Kg7 32. Qe7+ Qf7 33. Qe5+ Kh6 34. a3 Qf5 35. Qd4 a6 36. Qe3+ Qg5 37. Qd4 e3 38. h4 Qf5 39. Qxe3+ 1/2-1/2

[Event "CZE-ch U16 Girls 2020"]
[Site "Kouty nad Desnou"]
[Date "2020.03.12"]
[Round "7.5"]
[White "Maresova, Michaela"]
[Black "Leksova, Sona"]
[Result "0-1"]
[ECO "C21"]
[WhiteElo "1422"]
[BlackElo "1645"]
[Annotator "NA RC"]
[PlyCount "72"]
[EventDate "2020.03.07"]
[EventCountry "CZE"]
[SourceTitle "playchess.com"]
[Source "ChessBase"]
[SourceQuality "1"]
[TimeControl "5400+30"]

1. e4 e5 2. d4 exd4 3. Nf3 Bb4+ 4. Bd2 Bxd2+ 5. Nbxd2 Nc6 6. Bc4 d6 7. h3 Nge7 8. Nb3 Ne5 9. Be2 Nxf3+ 10. Bxf3 c5 11. O-O O-O 12. Re1 Nc6 13. Nd2 Ne5 14. Be2 Qg5 15. Kh1 f5 16. exf5 Bxf5 17. Nf3 Nxf3 18. Bxf3 Rab8 19. Re2 Kh8 20. Qe1 Bxh3 21. gxh3 Rxf3 22. Re8+ Rf8 23. Rxb8 Rxb8 24. Qe2 Qe5 25. Qf3 d5 26. Kg1 Kg8 27. Rd1 Rf8 28. Qg4 Qf5 29. Rd2 Qxg4+ 30. hxg4 Rf4 31. f3 Rxf3 32. Rg2 Kf7 33. Rf2 Rxf2 34. Kxf2 Kf6 35. Kf3 Ke5 36. Ke2 Kf4 0-1

[Event "CZE-ch U16 Girls 2020"]
[Site "Kouty nad Desnou"]
[Date "2020.03.12"]
[Round "7.6"]
[White "Zilava, Anezka"]
[Black "Strnadova, Monika"]
[Result "1/2-1/2"]
[ECO "B30"]
[WhiteElo "1224"]
[BlackElo "1514"]
[Annotator "NA RC"]
[PlyCount "87"]
[EventDate "2020.03.07"]
[EventCountry "CZE"]
[SourceTitle "playchess.com"]
[Source "ChessBase"]
[SourceQuality "1"]
[TimeControl "5400+30"]

1. e4 c5 2. Nf3 Nc6 3. Bc4 g6 4. c3 Nf6 5. d3 Bg7 6. Be3 d6 7. Nbd2 O-O 8. h3 a6 9. a4 Bd7 10. d4 cxd4 11. Nxd4 Ne5 12. Be2 b5 13. axb5 axb5 14. O-O Rb8 15. Qc2 d5 16. Bf4 Nxe4 17. Nxe4 dxe4 18. Bxe5 Bxe5 19. Qxe4 Bxd4 20. Qxd4 e5 21. Qb4 Qg5 22. Kh2 Bc6 23. Qg4 Qd2 24. Rab1 f5 25. Rfd1 Qc2 26. Bd3 Qxf2 27. Qe2 Qxe2 28. Bxe2 e4 29. Rd6 Rbc8 30. Rbd1 f4 31. Bg4 Rc7 32. Be6+ Kg7 33. Bd5 Bxd5 34. R6xd5 Rb7 35. Re5 e3 36. g3 b4 37. gxf4 bxc3 38. bxc3 Rb2+ 39. Kg3 e2 40. Re1 Rc2 41. R5xe2 Rxc3+ 42. Re3 Rc4 43. Re4 Rc3+ 44. R4e3 1/2-1/2

[Event "CZE-ch U16 Girls 2020"]
[Site "Kouty nad Desnou"]
[Date "2020.03.12"]
[Round "7.7"]
[White "Ruzickova, Ema"]
[Black "Vlachynska, Lilian"]
[Result "0-1"]
[ECO "C97"]
[WhiteElo "1409"]
[BlackElo "1224"]
[Annotator "NA RC"]
[PlyCount "110"]
[EventDate "2020.03.07"]
[EventCountry "CZE"]
[SourceTitle "playchess.com"]
[Source "ChessBase"]
[SourceQuality "1"]
[TimeControl "5400+30"]

1. e4 e5 2. Nf3 Nc6 3. Bb5 a6 4. Ba4 Nf6 5. O-O Be7 6. Re1 b5 7. Bb3 O-O 8. c3 d6 9. h3 Na5 10. Bc2 c5 11. d4 Qc7 12. Nbd2 Bd7 13. Nf1 Rac8 14. Bb1 Nc6 15. Ng3 g6 16. Be3 Ne8 17. Ne2 Ng7 18. Bg5 Bxg5 19. Nxg5 f6 20. Nf3 Nd8 21. Qd2 Nf7 22. Bd3 f5 23. Ng3 f4 24. Ne2 cxd4 25. cxd4 Qd8 26. d5 Ng5 27. Nxg5 Qxg5 28. Kh2 Qh4 29. Ng1 Nh5 30. Nf3 Qf6 31. Be2 Kh8 32. Rg1 Rg8 33. g4 fxg3+ 34. fxg3 Rcf8 35. Raf1 Qd8 36. Ng5 Qe7 37. Nf3 g5 38. Ne1 Nf6 39. Qe3 h6 40. g4 Qh7 41. Nf3 Qxe4 42. Qxe4 Nxe4 43. Rc1 Rc8 44. Kg2 Nf6 45. Kg3 Rxc1 46. Rxc1 Rc8 47. Rd1 Rc2 48. Bd3 Rxb2 49. Nxe5 dxe5 50. Bf5 Kg8 51. d6 Kf8 52. Re1 Bxf5 53. gxf5 e4 54. Rc1 Rd2 55. Rc8+ Ne8 0-1

[Event "CZE-ch U16 Girls 2020"]
[Site "Kouty nad Desnou"]
[Date "2020.03.12"]
[Round "7.8"]
[White "Saskova, Renata"]
[Black "Habinova, Alice"]
[Result "0-1"]
[ECO "B22"]
[WhiteElo "1191"]
[BlackElo "1474"]
[Annotator "NA"]
[PlyCount "80"]
[EventDate "2020.03.07"]
[EventCountry "CZE"]
[SourceTitle "playchess.com"]
[Source "ChessBase"]
[SourceQuality "1"]
[TimeControl "5400+30"]

1. e4 c5 2. c3 d5 3. exd5 Qxd5 4. d4 Nf6 5. Be3 cxd4 6. cxd4 Nc6 7. Nf3 Bg4 8. Be2 e6 9. O-O Be7 10. Nc3 Qd6 11. Rc1 O-O 12. Qd2 Rfd8 13. Rfd1 Rac8 14. h3 Bh5 15. a3 Nd5 16. Nxd5 Qxd5 17. b4 a6 18. Qd3 Bg6 19. Qd2 b5 20. Bd3 Bxd3 21. Qxd3 h6 22. Kf1 Bf6 23. Rc5 Qd7 24. Qe4 Ne7 25. Rd2 Nd5 26. Rdc2 Be7 27. Rxc8 Rxc8 28. Rxc8+ Qxc8 29. Ne5 Qc3 30. Qd3 Qa1+ 31. Ke2 Nc3+ 32. Kf3 Qxa3 33. Bd2 Bxb4 34. Nc6 a5 35. Nxb4 axb4 36. Bxc3 bxc3 37. Ke2 Qb2+ 38. Kd1 b4 39. Qc2 Qxc2+ 40. Kxc2 Kf8 0-1

[Event "CZE-ch U16 Girls 2020"]
[Site "Kouty nad Desnou"]
[Date "2020.03.12"]
[Round "7.9"]
[White "Merinska, Julie"]
[Black "Londinova, Jasmina Marie"]
[Result "0-1"]
[ECO "B00"]
[WhiteElo "1182"]
[BlackElo "1155"]
[Annotator "NA RC"]
[PlyCount "74"]
[EventDate "2020.03.07"]
[EventCountry "CZE"]
[SourceTitle "playchess.com"]
[Source "ChessBase"]
[SourceQuality "1"]
[TimeControl "5400+30"]

1. e4 b6 2. d4 Bb7 3. Nc3 e6 4. a3 Nf6 5. Bg5 h6 6. Bxf6 Qxf6 7. Nf3 c5 8. d5 exd5 9. exd5 Bd6 10. Bc4 O-O 11. O-O Qg6 12. Re1 Na6 13. Nb5 Nc7 14. Re3 Rfe8 15. Nxc7 Bxc7 16. Bd3 Qd6 17. Qe2 Rxe3 18. Qxe3 Bxd5 19. Be4 Bxe4 20. Qxe4 Rb8 21. Re1 Qf8 22. g3 Rd8 23. Qd5 Qd6 24. Qxd6 Bxd6 25. Nd2 Kf8 26. Kf1 Re8 27. Rd1 Bc7 28. h3 f5 29. g4 g6 30. Nf3 d6 31. Rd5 fxg4 32. hxg4 Re4 33. Nh2 Kg7 34. f3 Re5 35. Rxe5 dxe5 36. Ke2 e4 37. fxe4 Bxh2 0-1